 Dungeon Crawl Stone Soup version 0.23.1 (webtiles) character file.

Game seed: 7025985576905079341

114 Borgoz the Skirmisher (level 4, 0/40 HPs)
             Began as a Ghoul Monk on Mar 8, 2019.
             Was a Believer of Ashenzari.
             Slain by an orc
             ... wielding a +0 trident
              (1 damage)
             ... on level 3 of the Dungeon.
             The game lasted 00:03:29 (2220 turns).

Borgoz the Skirmisher (Ghoul Monk)                  Turns: 2220, Time: 00:03:30

Health: 0/40       AC:  2    Str: 14    XL:     4   Next: 97%
Magic:  3/3        EV: 13    Int:  6    God:    Ashenzari [**....]
Gold:   131        SH:  0    Dex: 11    Spells: 3/3 levels left

rFire    . . .     SeeInvis .     - Unarmed
rCold    + + .     Gourm    .   (no shield)
rNeg     + + +     Faith    .   a - +0 robe
rPois    ∞         Spirit   .   (no helmet)
rElec    .         Reflect  .   (no cloak)
rCorr    .         Harm     .   (no gloves)
MR       .....                  (no boots)
Stlth    ++........             (no amulet)
HPRegen  0.00/turn              (no ring)
MPRegen  0.08/turn              m - ring of protection from cold

@: rotting
A: rotting body, claws 1, carnivore, cold resistance 1, negative energy
resistance 3, inhibited regeneration, torment resistance, unbreathing
a: Curse Item, Scrying, Renounce Religion


You were on level 3 of the Dungeon.
You worshipped Ashenzari.
Ashenzari was pleased with you.
You were not hungry.

You visited 1 branch of the dungeon, and saw 3 of its levels.

You collected 131 gold pieces.

Inventory:

Armour
 a - a +0 robe (worn)
Jewellery
 m - a ring of protection from cold (right claw)
Scrolls
 c - a scroll of noise {unknown}
 h - 3 scrolls of identify {unknown}
 i - a scroll of fear {unknown}
 j - a scroll of enchant weapon {unknown}
 l - a scroll of teleportation {unknown}
 n - a scroll of random uselessness {unknown}
 o - a scroll of remove curse
 p - a scroll of blinking {unknown}
 t - a scroll of amnesia {unknown}
Potions
 d - 3 potions of heal wounds {unknown}
 e - 4 potions of flight {unknown}
 f - 2 potions of brilliance {unknown}
 g - a potion of degeneration {unknown}
 k - 2 potions of curing {unknown}
 q - a potion of might {unknown}
 r - a potion of lignification {unknown}
 s - a potion of haste {unknown}
Comestibles
 b - 7 rations
 u - a chunk of flesh


   Skills:
 + Level 4.1 Fighting
 + Level 1.7 Armour
 + Level 3.3 Dodging
 - Level 2.1 Stealth
 + Level 4.1 Unarmed Combat


You had 3 spell levels left.
You didn't know any spells.
Your spell library was empty.

Dungeon Overview and Level Annotations

Branches:
Dungeon (3/15)

Altars:
Ashenzari
Gozag
Makhleb
Nemelex Xobeh
Wu Jian


Innate Abilities, Weirdness & Mutations

Your body is rotting away.
You thrive on raw meat.
You are immune to poison.
You have sharp fingernails.
You are carnivorous and can eat meat at any time.
Your flesh is cold resistant. (rC+)
You are immune to negative energy. (rN+++)
You do not regenerate when monsters are visible.
You are immune to unholy pain and torment.
You can survive without breathing.


Message History

The orc closely misses you. The kobold hits you. The orc barely misses you.
The kobold hits you.
* * * LOW HITPOINT WARNING * * *
Things that are here:
a +0 flail; a fuming emerald potion; an orc corpse You butcher the orc corpse.
The orc hits you but does no damage. The kobold hits you.
* * * LOW HITPOINT WARNING * * *
Items here: ! % ) ÷ a +0 flail; a fuming emerald potion; a chunk of flesh; an orc skeleton You scratch the kobold.
You kill the kobold!
The orc hits you from afar with a +0 trident.
* * * LOW HITPOINT WARNING * * *
The orc hits you with a +0 trident.
* * * LOW HITPOINT WARNING * * *
Items here: $ ( ) [ †† You closely miss the orc.
You scratch the orc but do no damage. The orc hits you with a +0 trident.
You die...

* ,, , ,,.....♣.♣..♣.
,,...... #...#.......
...... * #...##...†..
...... * *###.#.#...#...
......#* #.....#....)).
.......####.#.....#.#...
..............#..##.#...
..................#.#...
......o@).....##..#.#..>
..............##.(#....#
**#####.............####.#
#...........#)# #...
#...........#.###..#
#######
#...........#......#
##...÷.#
#...........#.####.#
#....#.###
#####.......#..###.#
#..#.#...#
#########.......


You could see an orc.

Vanquished Creatures
  A crimson imp (D:3)
  2 adders
  An ooze (D:3)
  A worm (D:3)
  3 dart slugs
  2 orcs (D:3)
  A ball python (D:1)
  A giant cockroach (D:2)
  3 goblins
  7 hobgoblins
  3 jackals (D:1)
  4 kobolds
  5 bats (D:1)
  5 frilled lizards
  5 rats (D:3)
44 creatures vanquished.

Notes
Turn   | Place    | Note
-------+----------+-------------------------------------------
     0 | D:1      | Borgoz the Ghoul Monk began the quest for the Orb.
     0 | D:1      | Reached XP level 1. HP: 19/19 MP: 0/0
   208 | D:1      | Reached XP level 2. HP: 25/26 MP: 1/1
   575 | D:1      | Reached XP level 3. HP: 31/31 MP: 2/2
   615 | D:1      | Reached skill level 1 in Armour
   891 | D:2      | Found an ornate altar of the Wu Jian Council.
   894 | D:2      | Found a burning altar of Makhleb.
   897 | D:2      | Found a shattered altar of Ashenzari.
   945 | D:2      | Found an opulent altar of Gozag.
   956 | D:2      | Became a worshipper of Ashenzari the Shackled
   956 | D:2      | Reached * piety under Ashenzari
   956 | D:2      | Reached ** piety under Ashenzari
   998 | D:2      | Found a sparkling altar of Nemelex Xobeh.
  1972 | D:3      | Reached XP level 4. HP: 17/40 MP: 3/3
  2218 | D:3      | HP: 1/40 [orc/+0 trident (4)]
  2220 | D:3      | Slain by an orc

Skill      XL: |  1  2  3  4 |
---------------+-------------+-----
Dodging        | 3 |  3.3
Armour         | 1 |  1.7
Fighting       | 4 |  4.1
Unarmed Combat | 4 |  4.1
Stealth        | |  2.1

Action                   |  1- 3 |  4- 6 || total
-------------------------+-------+-------++-------
Melee: Unarmed           |   100 |    50 ||   150
       Punch             |     2 |       ||     2
 Stab: Sleeping          |     4 |       ||     4
  Eat: Chunk             |     4 |     7 ||    11
Armor: Robe              |    10 |     7 ||    17
Dodge: Dodged            |    47 |    22 ||    69
